 Dungeon Crawl Stone Soup version 0.24.0-125-gc4c63601f3 (webtiles) character file.

Game seed: 7092530633502066757, levelgen mode: deterministic

101882 Amplified the Warrior (level 15, -2/148 HPs)
             Began as a Minotaur Abyssal Knight on Mar 3, 2020.
             Was the Champion of Lugonu.
             Slain by a five-headed hydra (10 damage)
             ... on level 3 of the Swamp.
             The game lasted 00:37:10 (24553 turns).

Amplified the Warrior (Minotaur Abyssal Knight)    Turns: 24553, Time: 00:37:11

Health: -2/148     AC: 26    Str: 36    XL:     15   Next: 84%
Magic:  21/22      EV: 13    Int: 11    God:    Lugonu [******]
Gold:   1849       SH: 14    Dex: 11    Spells: 14/14 levels left

rFire    . . .     SeeInvis .   s - +5 broad axe (flame)
rCold    + + +     Gourm    .   L - +0 shield
rNeg     . . .     Faith    .   z - +5 chain mail of Summertime {rC+ Int+2}
rPois    +         Spirit   .   E - +2 hat {MR+}
rElec    .         Reflect  .   a - +0 cloak
rCorr    +         Harm     .   u - +1 pair of gloves
MR       +++..                  M - +2 pair of boots "Hoeralar Gav" {*Corrode rPois rC++ Str+9}
Stlth    ..........             l - amulet of rage
HPRegen  0.34/turn              y - ring of resist corrosion
MPRegen  0.18/turn              N - ring of protection from magic

@: mighty
A: retaliatory headbutt, horns 2
a: Depart the Abyss, Bend Space, Banish, Corrupt, Enter the Abyss, Renounce
Religion, Evoke Berserk Rage


You were on level 3 of the Swamp.
You worshipped Lugonu.
Lugonu was exalted by your worship.
You were very hungry.

You visited 4 branches of the dungeon, and saw 26 of its levels.
You visited the Abyss 1 time.
You also visited: Gauntlet and Ice Cave.

You collected 3163 gold pieces.
You spent 1314 gold pieces at shops.

Inventory:

Hand Weapons
 q - a +5 hand axe
 s - a +5 broad axe of flaming (weapon)
 G - a +4 antimagic eveningstar
Missiles
 b - 26 poisoned darts (quivered)
 F - 22 silver javelins
Armour
 a - a +0 cloak (worn)
 n - the +1 chain mail of Ryga {MR+ Stlth+}
   (You found it on level 4 of the Dungeon)

   It affects your resistance to hostile enchantments.
   It makes you more stealthy.
 t - +0 acid dragon scales
 u - a +1 pair of gloves (worn)
 z - the +5 chain mail of Summertime (worn) {rC+ Int+2}
   (You bought it in a shop on level 2 of the Orcish Mines)

   It affects your intelligence (+2).
   It protects you from cold.
 E - a +2 hat of magic resistance (worn)
 L - a +0 shield (worn)
 M - the +2 pair of boots "Hoeralar Gav" (worn) {*Corrode rPois rC++ Str+9}
   (You bought it in a shop on level 2 of the Orcish Mines)

   It affects your strength (+9).
   It greatly protects you from cold.
   It protects you from poison.
   It may corrode you when you take damage.
 O - a +0 large shield
 V - the +2 ring mail of the Abyss {rPois MR++}
   (You found it on level 1 of the Swamp)

   It protects you from poison.
   It affects your resistance to hostile enchantments.
Jewellery
 g - an uncursed ring of positive energy
 j - an uncursed ring of stealth
 l - an amulet of rage (around neck)
 m - an uncursed ring of positive energy
 o - an uncursed ring of positive energy
 y - a ring of resist corrosion (left hand)
 A - an uncursed amulet of faith
 I - a +4 ring of evasion
 J - an uncursed ring of ice
 K - an uncursed ring of protection from fire
 N - a ring of protection from magic (right hand)
 Q - the ring "Gigiakk" {+Fly Int+3}
   (You found it in a Gauntlet)

   [ring of flight]

   It affects your intelligence (+3).
   It lets you fly.
Wands
 w - a wand of random effects (13)
 B - a wand of iceblast (21)
 C - a wand of flame (27)
 D - a wand of enslavement (16)
 P - a wand of paralysis (4)
 T - a wand of disintegration (19)
Scrolls
 e - 3 scrolls of magic mapping
 f - 9 scrolls of amnesia
 h - 15 scrolls of remove curse
 k - 13 scrolls of teleportation
Potions
 p - 5 potions of flight
 x - 4 potions of cancellation
 H - a potion of brilliance
 U - a potion of agility
Miscellaneous
 v - a phantom mirror
Comestibles
 c - 41 rations


   Skills:
 * Level 17.6 Fighting
 - Level 16.2(16.7) Axes
 * Level 7.5(12.9) Maces & Flails
 - Level 10.2 Armour
 - Level 9.3 Dodging
 * Level 12.1 Shields
 + Level 11.2 Invocations


You had 14 spell levels left.
You didn't know any spells.
Your spell library contained the following spells:

 Spells                   Type           Power        Failure   Level  Hunger
 Beastly Appendage        Tmut           #.....       85%         1    ##.....
 Magic Dart               Conj           #...         85%         1    ##.....
 Blink                    Tloc           N/A          94%         2    ###....
 Call Imp                 Summ           #.......     94%         2    ###....
 Searing Ray              Conj           #.....       94%         2    ###....
 Slow                     Hex            #.......     94%         2    ###....
 Sticks to Snakes         Tmut           #.......     94%         2    ###....
 Conjure Flame            Conj/Fire      #.......     99%         3    ####...
 Dazzling Spray           Conj/Hex       #.....       99%         3    ####...
 Mephitic Cloud           Conj/Pois/Air  #.......     99%         3    ####...
 Spider Form              Tmut/Pois      #.........   99%         3    ####...
 Force Lance              Conj/Tloc      #.......     100%        4    #####..
 Fulminant Prism          Conj/Hex       #.........   100%        4    #####..
 Ice Form                 Ice/Tmut       #.......     100%        4    #####..
 Iskenderun's Mystic Bla  Conj           #.......     100%        4    #####..
 Leda's Liquefaction      Hex/Erth       #.........   100%        4    #####..
 Olgreb's Toxic Radiance  Pois           #.......     100%        4    #####..
 Throw Icicle             Conj/Ice       #.......     100%        4    #####..
 Blade Hands              Tmut           #.........   100%        5    ######.


Dungeon Overview and Level Annotations

Branches:
Dungeon (15/15)            Temple (0/1) D:5            Lair (6/6) D:9
  Swamp (3/4) Lair:4        Snake (0/4) Lair:3        Slime (0/5) Lair:5
    Orc (2/2) D:11            Elf (0/3) Orc:2        Vaults (0/5) D:14
  IceCv (visited)         Gauntlet (visited)
 Depths: D:15

Altars:
Ashenzari
Dithmenos
Fedhas
Hepliaklqana
Nemelex Xobeh
Okawaru
Qazlal
Sif Muna
Trog
Vehumet
Wu Jian
Xom
Yredelemnul
Zin
Beogh

Shops:
D:5 =   D:9 (   D:11 ?   Orc:2 [:(

Portals:
Trove: D:15 (give horn of Geryon)

Annotations:
D:5 3 runed translucent doors, ciphuk's ghost, novice KoBe
D:7 exclusion: statue
Abyss:1 Urug


Innate Abilities, Weirdness & Mutations

You reflexively headbutt those who attack you in melee.
You have a pair of horns on your head.


Message History

You block the hornet's attack.
Unknown command.
The shadow slips into darkness.
The shadow flickers and vanishes!
Deactivating autopickup; reactivate with Ctrl-A.
Unknown command.
Okay, then.
Okay, then.
Evoke which item? (* to show all) (? for menu, Esc to quit)
Okay, then.
You lop one of the six-headed hydra's heads off!
The flame cauterises the wound!
You chop the five-headed hydra into pieces!!!
You burn the five-headed hydra! You headbutt the five-headed hydra!
The five-headed hydra is severely wounded.
You block the five-headed hydra's attack. x3
The five-headed hydra bites you.
* * * LOW HITPOINT WARNING * * *
The five-headed hydra bites you!
You die...

♣♣ ♣♣♣ ♣♣ ≈♣ ♣≈♣ ♣.
♣≈♣ ♣≈♣♣♣ ♣.♣♣..♣
♣♣≈♣.♣♣♣.<♣.≈♣ ♣
♣.iwD@♣♣..♣≈≈♣♣
♣.♣♣♣.yy##♣♣♣.....♣..
♣.♣.≈w.##..♣.....♣..≈
♣[≈..t##....♣....§≈≈..
♣≈♣≈≈..f..♣♣♣..≈≈.♣≈.≈
♣.♣..†#i.♣♣♣...≈......
♣≈..†.#.)...#≈......♣
♣≈≈...#....##........
♣...♣♣..#####..≈.≈.≈..


You could see an alligator, a five-headed hydra, a tyrant leech, a spriggan
rider, a swamp worm and 2 hornets.

Vanquished Creatures
  A thorn hunter (Swamp:2)
  Gastronok (Lair:2)
  Kirke (D:14)
  An orc warlord (Orc:2)
  Louise (D:14)
  A minotaur (Gauntlet)
  Fannar (Lair:3)
  Josephine (Lair:4)
  2 vault guards (D:14)
  Harold (Orc:1)
  A shambling mangrove (Swamp:3)
  A ghost crab (Swamp:1)
  4 hydras
  Erica (Orc:1)
  2 two-headed ogres
  2 tengu warriors (D:14)
  5 alligators
  2 death yaks (Lair:5)
  2 orc high priests (Orc:2)
  Nergalle (D:11)
  7 swamp dragons
  3 skeletal warriors (D:15)
  2 unseen horrors
  5 orc knights
  A deep elf mage (D:15)
  A wolf spider (Lair:6)
  5 orc sorcerers
  2 oklob plants (Lair:4)
  An ugly thing (D:12)
  A salamander (Lair:4)
  2 manticores (D:15)
  8 elephants
  A guardian serpent (shapeshifter) (Gauntlet)
  A guardian serpent (Lair:6)
  Psyche (D:11)
  17 spiny frogs
  A torpor snail (Lair:6)
  7 black mambas
  A kobold demonologist (D:9)
  2 centaur skeletons
  A minotaur zombie (Gauntlet)
  3 rime drakes
  An efreet (D:15)
  2 komodo dragons
  2 trolls
  A queen bee (D:14)
  5 meliai
  A polar bear (Lair:4)
  4 hornets
  Grinder (D:4)
  4 tyrant leeches
  8 bog bodies
  12 hippogriffs
  6 slime creatures
  7 dream sheep (Lair:6)
  Prince Ribbit (D:5)
  15 blink frogs
  2 redbacks (Lair:6)
  A shapeshifter (Gauntlet)
  A shadow (D:15)
  11 wyverns
  3 spriggans
  4 wraiths (Lair:4)
  A hungry ghost (D:14)
  2 vampires
  2 basilisks
  18 yaks
  4 hogs (D:14)
  10 humans (D:14)
  2 steam dragons
  10 vampire mosquitoes
  9 wargs
  7 swamp worms
  5 insubstantial wisps (Swamp:2)
  19 water moccasins
  An acid dragon (shapeshifter) (D:10)
  An acid dragon (D:7)
  7 porcupines
  A soldier ant (D:10)
  7 swamp drakes
  20 orc warriors
  3 sky beasts
  A phantom (D:4)
  14 ice beasts
  17 ogres
  5 wolves (Lair:5)
  9 centaurs
  13 crocodiles
  2 big kobolds
  16 bullfrogs
  5 scorpions
  8 wights
  28 killer bees
  A howler monkey (D:9)
  4 electric eels
  4 crimson imps
  6 bullfrog zombies
  3 centaur zombies
  23 jellies
  Crazy Yiuf (D:6)
  17 orc priests
  9 hounds
  2 bullfrog skeletons
  20 orc wizards
  3 iguanas
  10 worker ants
  2 hound zombies (D:6)
  3 hound skeletons
  A worker ant zombie (D:5)
  13 gnolls
  18 adders
  6 shadow imps
  9 oozes
  An adder zombie (D:7)
  An adder skeleton (D:8)
  3 worms
  3 dart slugs
  6 leopard geckos
  63 orcs
  2 ball pythons
  3 bats
  4 giant cockroaches
  6 goblins
  6 hobgoblins
  10 jackals
  3 quokkas
  2 frilled lizards (D:2)
  A jackal skeleton (D:5)
  19 kobolds
  A leopard gecko skeleton (D:6)
  12 rats
  2 briar patches (Swamp:2)
  2 fungi
  7 plants
756 creatures vanquished.

Vanquished Creatures (others)
  A very ugly thing (Swamp:1)
  A hydra (Lair:6)
  2 ice dragons (IceCv)
  A two-headed ogre (D:12)
  A death yak (Lair:5)
  An orc knight (Orc:2)
  2 slime creatures (D:14)
  2 elephants
  2 spiny frogs
  2 rime drakes (D:11)
  A hornet (Lair:6)
  A troll (Orc:2)
  A redback (Lair:6)
  3 yaks
  2 humans (D:14)
  A wyvern (D:14)
  2 water moccasins (Lair:6)
  2 porcupines (Lair:5)
  2 orc warriors (Orc:2)
  2 ice beasts (IceCv)
  A crocodile (Lair:6)
  2 orc priests (Orc:2)
  A bullfrog skeleton (D:5)
  An orc wizard (Orc:2)
  A bush (Lair:6)
  26 fungi
  42 plants
106 creatures vanquished.

Grand Total: 862 creatures vanquished

Notes
Turn   | Place    | Note
-------+----------+-------------------------------------------
     0 | Abyss:1  | Amplified the Minotaur Abyssal Knight began the quest for
                  | the Orb.
     0 | Abyss:1  | Reached XP level 1. HP: 19/19 MP: 1/1
     4 | D:1      | Escaped the Abyss
   259 | D:1      | Reached XP level 2. HP: 23/27 MP: 2/2
   536 | D:2      | Reached skill level 4 in Fighting
   611 | D:2      | Reached XP level 3. HP: 32/33 MP: 3/3
   783 | D:2      | Reached XP level 4. HP: 36/41 MP: 4/4
   940 | D:1      | Reached ** piety under Lugonu
  1861 | D:3      | Found a shadowy altar of Dithmenos.
  1867 | D:3      | Reached XP level 5. HP: 37/47 MP: 5/5
  2041 | D:3      | Reached skill level 5 in Fighting
  2362 | D:4      | Noticed a phantom
  2362 | D:4      | Noticed an ogre
  2375 | D:4      | Killed an ogre
  2375 | D:4      | Reached XP level 6. HP: 31/56 MP: 7/7
  2422 | D:4      | Reached skill level 5 in Axes
  2435 | D:4      | Noticed Grinder
  2443 | D:4      | Killed Grinder
  2443 | D:4      | Reached skill level 6 in Fighting
  2443 | D:4      | Reached XP level 7. HP: 41/63 MP: 8/8
  2513 | D:4      | Got a warped chain mail
  2525 | D:4      | Identified the cursed +1 chain mail of Ryga {MR+ Stlth+}
                  | (You found it on level 4 of the Dungeon)
  2998 | D:4      | Reached *** piety under Lugonu
  3217 | D:4      | Found a shimmering blue altar of Sif Muna.
  3367 | D:5      | Entered Level 5 of the Dungeon
  3397 | D:5      | Found a runed translucent gate.
  3397 | D:5      | Found a runed translucent gate.
  3397 | D:5      | Found a runed translucent gate.
  3399 | D:5      | Noticed ciphuk's ghost (novice KoBe)
  3467 | D:5      | Noticed Prince Ribbit
  3492 | D:5      | Killed Prince Ribbit
  3492 | D:5      | Reached XP level 8. HP: 16/71 MP: 9/9
  3810 | D:5      | Reached skill level 7 in Fighting
  3823 | D:5      | Found a faded altar of an unknown god.
  3823 | D:5      | Found a faded altar of an unknown god.
  3828 | D:5      | Found a sparkling altar of Nemelex Xobeh.
  3830 | D:5      | Found an ornate altar of the Wu Jian Council.
  3832 | D:5      | Found a basalt altar of Yredelemnul.
  3918 | D:5      | Found a shimmering altar of Xom.
  3918 | D:5      | Noticed an angel
  3919 | D:5      | Found a glowing silver altar of Zin.
  4003 | D:5      | Reached skill level 5 in Armour
  4211 | D:5      | Found Vedoff's Jewellery Boutique.
  4213 | D:5      | Found a staircase to the Ecumenical Temple.
  4737 | D:6      | Found a runed translucent door.
  4738 | D:6      | Noticed Crazy Yiuf
  4883 | D:6      | Reached skill level 8 in Fighting
  5176 | D:6      | Reached XP level 9. HP: 78/82 MP: 11/11
  5215 | D:6      | Reached skill level 5 in Dodging
  5234 | D:6      | Reached **** piety under Lugonu
  5672 | D:6      | Killed Crazy Yiuf
  5742 | D:7      | Found an iron altar of Okawaru.
  5742 | D:7      | Found a bloodstained altar of Trog.
  5773 | D:7      | Found a glowing silver altar of Zin.
  5842 | D:7      | Found a radiant altar of Vehumet.
  5895 | D:7      | Reached skill level 5 in Invocations
  5902 | D:7      | Reached skill level 9 in Fighting
  5917 | D:7      | Found a hazy altar of Hepliaklqana.
  6232 | D:7      | Found a stormy altar of Qazlal.
  6720 | D:8      | Reached ***** piety under Lugonu
  7046 | D:9      | Found a staircase to the Lair.
  7082 | D:9      | Reached skill level 10 in Fighting
  7082 | D:9      | Reached XP level 10. HP: 82/93 MP: 13/13
  7195 | D:9      | Found Wysag's Weapon Emporium.
  7280 | D:9      | Reached skill level 10 in Axes
  7524 | D:9      | Found a shattered altar of Ashenzari.
  7762 | D:10     | Entered Level 10 of the Dungeon
  7802 | D:10     | Killed an unseen horror
  7802 | D:10     | Reached skill level 11 in Fighting
  8179 | D:10     | HP: 2/95 [something (10)]
  8674 | D:10     | Identified the ring "Uriwuc" {rPois MR- Dex+5 Stlth+}
  8767 | D:11     | Reached XP level 11. HP: 40/102 MP: 14/14
  8786 | D:11     | Found a frozen archway.
  8846 | IceCv    | Entered an ice cave
  8885 | IceCv    | HP: 5/104 [ice beast (8)]
  9699 | IceCv    | Noticed an ice dragon
  9699 | IceCv    | Noticed an ice dragon
  9703 | IceCv    | Banished an ice dragon
  9711 | IceCv    | Banished an ice dragon
  9975 | D:11     | Found Ixoik's Magic Scroll Shop.
  9976 | D:11     | Reached skill level 12 in Fighting
 10008 | D:11     | Bought 3 scrolls of identify for 84 gold pieces
 10012 | D:11     | Bought a scroll of blinking for 105 gold pieces
 10012 | D:11     | Bought a scroll of blinking for 105 gold pieces
 10012 | D:11     | Bought a scroll of teleportation for 42 gold pieces
 10012 | D:11     | Bought a scroll of blinking for 105 gold pieces
 10012 | D:11     | Bought a scroll of torment for 105 gold pieces
 10169 | D:11     | Found a staircase to the Orcish Mines.
 10303 | D:11     | Noticed Psyche
 10519 | D:11     | Noticed Nergalle
 10538 | D:11     | Killed Nergalle
 10666 | D:11     | Killed Psyche
 10896 | D:12     | Noticed an eight-headed hydra
 10899 | D:12     | Banished an eight-headed hydra
 10983 | D:12     | Noticed a green ugly thing
 10993 | D:12     | Killed a green ugly thing
 11027 | D:12     | Noticed a two-headed ogre
 11032 | D:12     | Killed a two-headed ogre
 11037 | D:12     | Noticed a four-headed hydra
 11042 | D:12     | Killed a five-headed hydra
 11042 | D:12     | Reached XP level 12. HP: 69/113 MP: 16/16
 11062 | D:12     | Noticed a two-headed ogre
 11070 | D:12     | Banished a two-headed ogre
 11687 | Lair:1   | Entered Level 1 of the Lair of Beasts
 11736 | Lair:1   | Reached skill level 13 in Fighting
 12414 | Lair:2   | Noticed Gastronok
 12431 | Lair:2   | Killed Gastronok
 13226 | Lair:3   | Reached skill level 10 in Armour
 13373 | Lair:3   | Found a staircase to the Snake Pit.
 13392 | Lair:3   | Noticed Fannar
 13406 | Lair:3   | Killed Fannar
 13626 | Lair:3   | Reached ****** piety under Lugonu
 13730 | Lair:3   | Reached skill level 14 in Fighting
 13980 | Lair:4   | Noticed Josephine
 13987 | Lair:4   | Killed Josephine
 13987 | Lair:4   | Reached skill level 1 in Shields
 14081 | Lair:4   | Found a staircase to the Swamp.
 14090 | Lair:4   | Reached XP level 13. HP: 116/124 MP: 18/18
 14316 | Lair:4   | Identified a +5 broad axe of distortion (a +3 broad axe
                  | corrupted by Lugonu)
 14316 | Lair:4   | Received a gift from Lugonu
 15052 | Lair:5   | Reached skill level 5 in Shields
 15441 | Lair:5   | Found a staircase to the Slime Pits.
 15875 | Lair:6   | Entered Level 6 of the Lair of Beasts
 15880 | Lair:6   | Reached skill level 15 in Fighting
 16036 | Lair:6   | Paralysed by a hornet for 3 turns
 16335 | Lair:6   | Reached skill level 15 in Axes
 16488 | Lair:6   | Reached XP level 14. HP: 28/135 MP: 17/20
 17181 | Lair:6   | Identified An Early Guide to Magic
 17333 | Lair:6   | Reached skill level 10 in Invocations
 17585 | Orc:1    | Entered Level 1 of the Orcish Mines
 17630 | Orc:2    | Entered Level 2 of the Orcish Mines
 17649 | Orc:2    | Found a staircase to the Elven Halls.
 17958 | Orc:2    | Noticed an orc warlord
 18005 | Orc:2    | Killed an orc warlord
 18005 | Orc:2    | Reached skill level 16 in Fighting
 18308 | Orc:2    | Found a roughly hewn altar of Beogh.
 18318 | Orc:2    | Found Ratrum's Antique Weapon Boutique.
 18324 | Orc:2    | Found Banaudd Ujuo's Antique Armour Boutique.
 18428 | Orc:2    | Found a runed translucent door.
 18605 | Orc:2    | Found Cun Dent's General Store.
 18659 | Orc:2    | Found Bepaarr's Book Boutique.
 18779 | Orc:2    | Found a roughly hewn altar of Beogh.
 19000 | Orc:1    | Noticed Erica
 19008 | Orc:1    | Killed Erica
 19032 | Orc:1    | Noticed Urug
 19038 | Orc:1    | Noticed Harold
 19052 | Orc:1    | Killed Harold
 19070 | Orc:1    | Banished Urug
 19378 | Orc:2    | Bought a jewelled chain mail for 256 gold pieces
 19378 | Orc:2    | Bought a pair of spiked boots for 256 gold pieces
 19378 | Orc:2    | Bought a shimmering chain mail for 256 gold pieces
 19378 | Orc:2    | Identified the +5 chain mail of Summertime {rC+ Int+2} (You
                  | bought it in a shop on level 2 of the Orcish Mines)
 19379 | Orc:2    | Identified the cursed +0 chain mail of Ru's Wrath {Str-2
                  | Int+6} (You bought it in a shop on level 2 of the Orcish
                  | Mines)
 19405 | Orc:2    | Identified the +2 pair of boots "Hoeralar Gav" {*Corrode
                  | rPois rC++ Str+9} (You bought it in a shop on level 2 of
                  | the Orcish Mines)
 19876 | D:14     | Noticed Kirke
 19888 | D:14     | Noticed a sphinx
 19909 | D:14     | Killed Kirke
 19917 | D:15     | Entered Level 15 of the Dungeon
 19919 | D:15     | Found a blossoming altar of Fedhas.
 19935 | D:14     | Noticed Louise
 19953 | D:14     | Killed Louise
 20019 | D:14     | Reached skill level 10 in Shields
 20054 | D:14     | Reached skill level 1 in Maces & Flails
 20168 | D:14     | Found a gate leading to a gauntlet.
 20177 | Gauntlet | Entered a Gauntlet
 20177 | Gauntlet | Found a transporter.
 20177 | Gauntlet | Found a transporter.
 20181 | Gauntlet | Found a transporter.
 20181 | Gauntlet | Found a transporter.
 20190 | Gauntlet | Found a transporter.
 20199 | Gauntlet | Found a transporter.
 20209 | Gauntlet | Found a transporter.
 20209 | Gauntlet | Found a transporter.
 20214 | Gauntlet | Found a transporter.
 20241 | Gauntlet | Found a transporter.
 20248 | Gauntlet | Found a transporter.
 20266 | Gauntlet | Found a transporter.
 20312 | Gauntlet | Found a transporter.
 20328 | Gauntlet | Found a transporter.
 20426 | Gauntlet | Found a transporter.
 20448 | Gauntlet | Found a transporter.
 20661 | Gauntlet | Got a shimmering wooden ring
 20674 | Gauntlet | Identified the ring "Gigiakk" {+Fly Int+3} (You found it in
                  | a Gauntlet)
 20702 | Gauntlet | Got a slimy turquoise ring
 20709 | Gauntlet | Identified the ring of Keanlaq {*Tele rPois} (You found it
                  | in a Gauntlet)
 20745 | Gauntlet | Got a faintly glowing shortbow
 20760 | Gauntlet | Reached XP level 15. HP: 145/145 MP: 21/21
 21233 | D:14     | Found a gate to the Vaults.
 21665 | D:15     | Reached skill level 17 in Fighting
 21677 | D:15     | Found a portal to a secret trove of treasure.
 22213 | Swamp:1  | Entered Level 1 of the Swamp
 22221 | Swamp:1  | Reached skill level 5 in Maces & Flails
 22556 | Swamp:1  | Identified the +7 shortbow "Spiderbane" {freeze, rElec rC-
                  | Dex+4} (You found it in a Gauntlet)
 23015 | Swamp:1  | Got a scorched ring mail
 23041 | Swamp:1  | Identified the +2 ring mail of the Abyss {rPois MR++} (You
                  | found it on level 1 of the Swamp)
 23525 | Swamp:2  | Noticed a thorn hunter
 23543 | Swamp:2  | Killed a thorn hunter
 24553 | Swamp:3  | Slain by a five-headed hydra

Levels and vault maps discovered:
D:1:      dpeg_arrival_ratfight, layout_basic
D:2:      layout_loops_cross, first_ration
D:3:      layout_basic, grunt_dithmenos_smoke
D:4:      layout_basic, lemuel_blue_sif_altar, uniq_grinder
D:5:      layout_rooms, grunt_temple_overflow_order_and_chaos_1,
          chequers_temple_overflow_minitemple,
          minmay_temple_entry_statues_pillars, serial_shops, shop,
          gammafunk_ghost_nasty_kobolds, st_stairs_12, uniq_prince_ribbit1
D:6:      layout_loops_corners, uniq_crazy_yiuf_cottage
D:7:      layout_rooms, grunt_temple_overflow_bloody_war, vehumet_statue,
          nicolae_overflow_crystal_walls, nicolae_qazlal_eye_of_the_storm,
          basic_altar
D:8:      layout_basic
D:9:      layout_loops_ring, lemuel_doored_altar, erik_lair_orcish_takeover,
          serial_shops, nicolae_shop_crystal
D:10:     hangedman_cross_cluster, layout_grid_maze,
          hangedman_little_slice_of_home, uniq_erolcha
D:11:     layout_big_octagon, erik_orc_3, portal_ice_cave_rime, serial_shops,
          shop_scrolls, minmay_misc_feat_plants, nrook_campfire,
          patterned_corridor, uniq_nergalle, uniq_psyche
D:12:     layout_gridville, minmay_holes, drop_trap
D:13:     layout_basic
D:14:     layout_rooms, ximxim_vaults_locker_room, gauntlet_entry_generic,
          serial_park_tiny_2, nicolae_looking_at_the_future, uniq_louise,
          uniq_kirke
D:15:     gammafunk_enter_depths_forms, layout_gridville, enter_trove_2,
          fedhas_altar_3, hangedman_decor_diamond_cutter
Lair:1:   layout_big_grid, grunt_megastairs_3, serial_bayou_shore_a,
          lemuel_fruit_tree, infiniplex_staircase_pool_2
Lair:2:   layout_loops_ring, uniq_gastronok
Lair:3:   layout_roguey, minmay_snake_entry_six_corridors,
          infiniplex_staircase_pool, uniq_fannar
Lair:4:   layout_gridlike, minmay_swamp_entry_reptiles,
          minmay_lair_oklob_chamber, grunt_megastairs_2, uniq_josephine
Lair:5:   layout_misc_corridors, minmay_slime_entry_jelly_boxes,
          grunt_forest_small_clearings, nicolae_quartered_pool_medium,
          chequers_serial_rivers_micro_c
Lair:6:   hangedman_lair_tendril_chambers, layout_cave_pods, st_stairs_3,
          grunt_forest_large_clearing_hut
Swamp:1:  layout_basic_swamp, evilmike_swamp_ruin_rubble_1, swamp_pool1
Swamp:2:  layout_basic_swamp, serial_swamp_ruin, hangedman_swamp_ruin_hall,
          evilmike_swamp_ruin_house_1, evilmike_swamp_ruin_house_6
Swamp:3:  layout_falls_marsh, gammafunk_ghost_mausoleum,
          evilmike_swamp_ruin_house_4, swamp_pool1, hangedman_swamp_wriggling
Orc:1:    layout_diamond_mine, uniq_urug, uniq_maurice, uniq_erica, uniq_harold
Orc:2:    grunt_orc_cross, layout_caves, lightli_church_of_beogh

Skill      XL: |  1  2  3  4  5  6  7  8  9 10 11 12 13 14 15 |
---------------+----------------------------------------------+-----
Axes           | 3 4 5 6 7 9 10 12 13 15 16 | 16.2
Invocations    | 2 3 4 5 6 7 8 9 10 11 | 11.2
Fighting       | 4 5 6 8 10 11 12 14 15 16 17 | 17.6
Armour         | 3 4 5 6 8 9 10 | 10.2
Dodging        | 2 3 4 6 7 8 9 |  9.3
Shields        | 1 7 10 12 | 12.1
Maces & Flails | 2 7 |  7.5

Action                   |  1- 3 |  4- 6 |  7- 9 | 10-12 | 13-15 || total
-------------------------+-------+-------+-------+-------+-------++-------
Melee: Hand axe          |    55 |   114 |   368 |    22 |       ||   559
       Headbutt          |     4 |    25 |    78 |   151 |   242 ||   500
       Broad axe         |       |       |       |   579 |  1030 ||  1609
Throw: Dart              |       |       |     8 |       |     3 ||    11
       Throwing net      |       |       |       |       |     2 ||     2
Invok: Banish            |       |       |       |    10 |    10 ||    20
       Brand Weapon With |       |       |       |       |     1 ||     1
 Abil: Evoke Berserk Rag |       |       |       |     1 |     1 ||     2
Evoke: Wand              |       |       |     2 |    33 |    22 ||    57
  Use: Potion            |     2 |     4 |     4 |     6 |    19 ||    35
       Scroll            |     2 |     5 |     6 |    19 |    17 ||    49
 Stab: Invisible         |       |       |       |       |     8 ||     8
       Held in net/web   |       |       |       |       |     1 ||     1
       Confused          |       |       |       |       |     2 ||     2
  Eat: Chunk             |       |     4 |     9 |    10 |    17 ||    40
       Ration            |       |       |     2 |     5 |     6 ||    13
Armor: Leather armour    |     3 |       |       |       |       ||     3
       Chain mail        |     6 |    60 |   171 |   279 |   361 ||   877
       Skin              |     9 |       |       |       |       ||     9
Dodge: Dodged            |    21 |    44 |   165 |   458 |   435 ||  1123
Block: Shield            |       |       |       |    22 |   503 ||   525
